Map: 파라 사이트 - 래더

Players

Cure - Winner!

  • Race: Terran Terran
  • Spawn Location: 5:00

GuMiho

  • Race: Terran Terran
  • League: Grandmaster
  • Spawn Location: 11:00

Event: IEM Season 13 - Katowice Server Qualifiers Asia 1

VOD

Have the link to the VOD?

Description

Time

  • Played on: Jan. 14, 2019, 6:34 a.m.
  • Length: 23:12

All games in this series

Show
View Real Time Build Order
Export as new Build Order

Cure Terran - Winner!

Build Orders: Liberator Opening 

Get SALT Encoding   

  12  0:00  SCV  
  13  0:12  SCV  
  14  0:17  Supply Depot  
  14  0:24  SCV  
  14  0:27  Refinery  
  15  0:38  SCV  
  16  0:44  Barracks  
  16  0:50  SCV  
  16  0:53  Refinery  
  17  1:02  SCV  
  18  1:15  SCV  
  19  1:30  Orbital Command  
  19  1:32  Factory  
  19  1:33  Reaper  
  20  1:42  Supply Depot  
  20  1:56  SCV  
  21  2:05  Reaper  
  21  2:08  SCV  
  23  2:16  Hellion  
  23  2:20  SCV  
  26  2:26  Command Center  
  26  2:31  Supply Depot  
  26  2:32  SCV  
  27  2:37  Reaper  
  27  2:41  Hellion  
  30  2:44  SCV  
  31  2:52  Starport  
  31  2:56  SCV  
  32  3:04  Factory Tech Lab  
  31  3:11  SCV  
  31  3:23  SCV, Cyclone  
  31  3:24  Barracks Reactor  
  33  3:34  Starport Tech Lab  
  33  3:35  Liberator, SCV  
  33  3:41  Refinery  
  34  3:47  SCV  
  35  3:53  Orbital Command  
  38  3:58  Cyclone  
  38  3:59  SCV  
  42  4:07  Marine x2, Supply Depot  
  44  4:12  SCV  
  45  4:18  SCV  
  46  4:24  SCV  
  46  4:25  Marine x2  
  46  4:30  Siege Tank, Supply Depot  
  53  4:31  SCV  
  53  4:36  SCV  
  54  4:43  Raven  
  54  4:44  SCV  
  55  4:46  Marine x2  
  55  4:48  SCV  
  58  4:56  SCV  
  56  5:00  SCV  
  56  5:04  Marine x2  
  56  5:07  Siege Tank  
  56  5:12  Command Center, Supply Depot  
  59  5:15  SCV x2  
  61  5:22  Refinery  
  61  5:23  Marine  
  61  5:24  Marine  
  61  5:27  SCV x2  
  65  5:29  Raven  
  67  5:39  SCV x2  
  69  5:43  Marine x2, Supply Depot  
  69  5:44  Siege Tank  
  74  5:53  SCV  
  75  5:59  SCV  
  75  6:01  Marine x2, Supply Depot  
  78  6:05  SCV  
  79  6:11  SCV  
  79  6:17  SCV  
  78  6:18  Marine  
  78  6:19  Marine  
  78  6:23  SCV  
  78  6:29  SCV  
  71  6:33  Siege Tank  
  71  6:36  SCV  
  66  6:41  SCV  
  66  6:43  Orbital Command  
  66  6:46  Marine, Viking x2  
  71  6:47  Stimpack  
  71  6:50  SCV, Engineering Bay x2  
  71  6:51  Barracks  
  71  6:52  Barracks  
  72  6:55  SCV  
  73  7:02  SCV  
  73  7:03  Marine  
  73  7:05  Siege Tank  
  73  7:08  SCV  
  79  7:10  SCV  
  79  7:14  SCV  
  81  7:16  Viking x2  
  81  7:19  Terran Infantry Armor Level 1, Terran Infantry Weapons Level 1  
  81  7:20  SCV  
  81  7:22  Marine, SCV  
  88  7:24  Supply Depot  
  88  7:26  SCV  
  89  7:31  Refinery  
  89  7:32  Refinery, SCV  
  89  7:35  SCV  
  91  7:38  SCV, Siege Tank  
  91  7:39  Marine  
  91  7:40  Barracks Reactor x2  
  96  7:44  Supply Depot  
  96  7:45  SCV  
  96  7:46  Viking x2  
  96  7:47  SCV  
  96  7:50  SCV  
  103  7:53  Barracks  
  103  7:54  Barracks, Supply Depot  
  103  7:57  Marine  
  104  8:00  Liberator x2  
  104  8:03  SCV x2  
  104  8:04  SCV  
  107  8:06  Armory  
  107  8:09  Supply Depot x2  
  107  8:10  Siege Tank  
  110  8:15  Marine  
  116  8:27  SCV x3  
  113  8:33  Marine x5  
  113  8:41  SCV x3  
  104  8:51  Marine x4, Siege Tank  
  104  8:53  SCV x2  
  104  8:54  SCV  
  95  8:59  Barracks Reactor x2  
  92  9:04  Medivac x2  
  93  9:10  Marine x5  
  93  9:16  Terran Infantry Weapons Level 2  
  98  9:18  SCV x2  
  98  9:19  SCV  
  101  9:27  Siege Tank  
  101  9:28  Marine x5  
  109  9:34  Terran Infantry Armor Level 2  
  109  9:35  Missile Turret  
  109  9:37  Marine x4  
  113  9:46  Marine x5  
  118  9:54  Medivac x2  
  118  9:55  Marine x2  
  118  9:56  Command Center  
  118  9:58  Marine x2  
  118  9:59  Siege Tank  
  129  10:03  Marine x2  
  129  10:04  Marine x3  
  129  10:06  Combat Shield  
  134  10:13  Marine x2, Factory  
  133  10:20  Supply Depot  
  133  10:21  Supply Depot  
  133  10:22  SCV x3  
  133  10:23  Sensor Tower  
  133  10:26  Marine x4  
  133  10:27  Marine x2  
  121  10:35  Marine x2  
  121  10:37  Siege Tank  
  121  10:38  Marine  
  112  10:44  Marine x6  
  112  10:46  Viking  
  112  10:47  Viking  
  120  10:53  Marine x2  
  120  10:55  Marine  
  120  11:02  Marine x6  
  120  11:10  Factory Tech Lab  
  120  11:11  Marine x2  
  120  11:13  Marine  
  123  11:20  Marine x6  
  128  11:29  Marine x2  
  128  11:31  Marine  
  127  11:38  Marine x6  
  113  11:46  Siege Tank  
  113  11:47  Marine x2  
  103  11:49  Marine  
  101  11:55  Marine x4, Medivac x2  
  101  11:56  Marine x2  
  110  12:03  Siege Tank  
  110  12:04  Marine x2  
  110  12:07  Marine  
  116  12:13  Marine x5, Terran Infantry Weapons Level 3, Terran Infantry Armor Level 3  
  117  12:17  Marine  
  117  12:20  Siege Tank  
  117  12:22  Marine x2  
  123  12:24  Orbital Command  
  123  12:25  Marine  
  124  12:31  Medivac x2  
  124  12:34  Marine x4  
  124  12:35  Marine x2, Siege Tank  
  135  12:40  Marine x2  
  137  12:52  Marine x4, Siege Tank  
  144  13:01  Marine x2  
  144  13:02  Marine x3  
  149  13:06  Sensor Tower  
  149  13:07  Siege Tank  
  149  13:10  Marine x4  
  156  13:19  Marine  
  157  13:23  Supply Depot  
  157  13:24  Supply Depot  
  157  13:25  Supply Depot  
  157  13:34  Marine  
  157  13:35  Marine x2  
  157  13:36  Marine x3  
  157  13:37  Marine  
  157  13:42  Marine  
  157  13:44  Marine  
  157  13:45  Siege Tank  
  143  13:52  Marine  
  143  13:53  Marine x3  
  143  13:54  Marine x2, Siege Tank, Medivac x2  
  143  13:55  Marine  
  151  13:56  Terran Vehicle Weapons Level 1  
  151  13:59  Marine  
  151  14:02  Marine  
  153  14:10  Marine  
  153  14:11  Marine x4  
  153  14:12  Marine, Command Center  
  153  14:16  Marine  
  160  14:17  Marine, Siege Tank  
  160  14:20  Marine  
  165  14:24  Medivac x2  
  165  14:26  Siege Tank  
  165  14:28  Marine  
  165  14:29  Marine x4  
  165  14:30  Marine  
  178  14:36  Supply Depot  
  144  14:48  Marine x6  
  144  14:50  Siege Tank  
  138  14:54  Marine x3  
  138  14:58  Siege Tank  
  141  15:06  Marine x6  
  149  15:08  Medivac x2  
  149  15:11  Marine x3, SCV x3  
  153  15:19  Refinery  
  141  15:23  Refinery  
  141  15:24  Marine x6  
  140  15:29  Marine  
  140  15:30  Planetary Fortress  
  140  15:33  Marine x2  
  140  15:35  Siege Tank  
  145  15:41  Marine x4, Siege Tank  
  145  15:42  Marine x2  
  150  15:47  Marine  
  144  15:50  Marine x2  
  144  15:56  Viking x2  
  147  15:59  Marine x6  
  153  16:05  Marine  
  153  16:08  Marine x2  
  155  16:17  Marine x6  
  161  16:23  Marine  
  161  16:24  Siege Tank  
  161  16:25  Siege Tank  
  168  16:26  Marine x2  
  168  16:32  Viking x2  
  174  16:35  Marine x6  
  177  16:40  Marine  
  177  16:44  Marine x2, Terran Vehicle Weapons Level 2  
  177  16:53  Marine x6  
  183  16:58  Marine  
  179  17:02  Marine x2  
  179  17:07  Siege Tank x2  
  177  17:14  Marine x4  
  177  17:15  Marine x2  
  171  17:20  Viking x2  
  158  17:23  Marine x3  
  135  17:32  Marine x6  
  135  17:40  Marine  
  136  17:49  Starport  
  136  17:50  Medivac x2, Starport  
  140  17:51  Marine x4  
  140  17:58  Siege Tank x2  
  150  17:59  Marine x3  
  150  18:03  Command Center  
  153  18:13  Marine x6  
  153  18:15  SCV x4  
  163  18:25  Viking x2  
  167  18:27  Marine x3  
  167  18:31  Marine  
  167  18:32  Sensor Tower  
  171  18:35  Marine x4  
  171  18:37  Siege Tank  
  171  18:39  Siege Tank  
  181  18:50  SCV x4  
  185  19:00  Marine x2  
  185  19:01  Marine x2  
  185  19:02  SCV  
  190  19:07  Sensor Tower  
  190  19:08  Starport Reactor, Starport Tech Lab  
  190  19:13  Command Center  
  190  19:14  Viking  
  192  19:17  Viking  
  192  19:18  Missile Turret  
  173  19:24  Missile Turret  
  173  19:25  Siege Tank  
  173  19:26  Siege Tank  
  173  19:28  Viking  
  177  19:35  Marine x6  
  177  19:36  Planetary Fortress  
  183  19:43  Liberator  
  183  19:52  Refinery x2  
  183  19:57  Marine x2  
  183  19:58  Marine x2, Siege Tank x2  
  187  20:11  Marine x5  
  180  20:15  Marine  
  180  20:20  Marine x3  
  184  20:29  Marine  
  184  20:30  Marine x4, Siege Tank  
  192  20:43  Marine x4  
  192  20:44  Siege Tank  
  192  20:47  Viking  
  192  20:48  Viking  
  198  20:51  Marine x2, Orbital Command  
  200  21:02  Siege Tank  
  197  21:10  Marine x6  
  197  21:13  Marine x3  
  200  21:23  Medivac  
  200  21:29  Refinery  
  200  21:37  Refinery  
  200  21:38  Command Center  
  200  21:39  Fusion Core, Refinery  
  199  21:49  Siege Tank  
  199  21:50  Marine x2  
  200  21:57  Marine x4  
  200  21:59  Siege Tank  
  175  22:01  Marine x2  
  175  22:02  Marine  
  175  22:07  Marine x2  
  154  22:15  Marine x4  
  148  22:19  Marine x3  
  148  22:21  Siege Tank  
  148  22:22  Medivac x2  
  152  22:25  Marine x2  
  156  22:31  Siege Tank  
  156  22:33  Marine x4  
  160  22:37  Marine x3  
  160  22:43  Marine x2  
  165  22:51  Marine x4  
  176  22:58  SCV x2  
  176  22:59  SCV x3  
Show
View Real Time Build Order
Export as new Build Order

GuMiho Terran 

Build Orders: Cyclone Opening, Gas First Reaper Expand 

Get SALT Encoding   

  12  0:00  SCV  
  13  0:12  SCV  
  14  0:17  Supply Depot  
  14  0:25  SCV  
  14  0:27  Refinery  
  15  0:38  SCV  
  16  0:44  Barracks  
  16  0:50  SCV  
  17  1:03  SCV  
  18  1:15  SCV  
  19  1:30  Orbital Command  
  19  1:31  Reaper  
  20  1:42  Command Center  
  20  1:53  Factory  
  20  1:58  SCV  
  21  2:03  Marine  
  22  2:09  Supply Depot  
  22  2:13  Refinery  
  23  2:15  SCV  
  22  2:24  Barracks Tech Lab  
  22  2:27  SCV  
  23  2:39  SCV  
  24  2:46  Cyclone  
  24  2:48  Marine  
  28  2:52  SCV  
  28  2:54  Orbital Command  
  29  3:02  Starport  
  29  3:04  SCV  
  30  3:06  Marine  
  31  3:16  SCV  
  28  3:25  Cyclone  
  30  3:27  Barracks Reactor  
  30  3:28  SCV x2  
  32  3:40  SCV x2  
  34  3:44  Medivac  
  36  3:52  SCV x2  
  38  3:55  Command Center  
  38  4:05  Siege Tank  
  38  4:06  Marine  
  38  4:07  Marine  
  38  4:08  SCV x2  
  45  4:12  Supply Depot  
  45  4:14  Starport Tech Lab  
  45  4:18  Refinery  
  45  4:22  SCV  
  46  4:32  Supply Depot  
  46  4:33  Marine x2  
  46  4:34  SCV  
  46  4:35  Refinery  
  46  4:36  SCV  
  50  4:44  Raven  
  52  4:46  SCV  
  52  4:48  SCV  
  54  4:55  Marine x2  
  54  4:58  SCV  
  52  5:00  SCV  
  52  5:04  Siege Tank  
  53  5:07  Orbital Command  
  53  5:10  SCV  
  53  5:12  SCV  
  53  5:13  Marine x2  
  56  5:22  SCV  
  56  5:24  SCV  
  58  5:31  Marine  
  58  5:34  SCV  
  61  5:36  SCV  
  61  5:37  SCV  
  61  5:39  Viking  
  64  5:46  SCV, Siege Tank  
  64  5:48  SCV  
  69  5:51  Orbital Command  
  69  5:56  Engineering Bay  
  69  5:59  Engineering Bay  
  69  6:00  SCV x2  
  67  6:12  SCV x2  
  68  6:18  Barracks  
  68  6:19  SCV, Siege Tank  
  68  6:21  Barracks  
  68  6:24  SCV  
  70  6:25  SCV  
  70  6:31  SCV  
  60  6:36  SCV  
  60  6:37  SCV  
  60  6:38  Liberator  
  52  6:40  Terran Infantry Weapons Level 1  
  52  6:42  Liberator, Terran Infantry Armor Level 1  
  52  6:43  SCV  
  52  6:46  Stimpack  
  53  6:48  SCV  
  53  6:50  SCV  
  53  6:53  Siege Tank  
  58  6:56  SCV  
  58  7:01  SCV  
  66  7:04  Supply Depot  
  66  7:08  Barracks Reactor  
  66  7:09  Barracks Reactor  
  66  7:10  SCV x2  
  66  7:14  Supply Depot  
  68  7:17  Refinery  
  68  7:19  Refinery  
  68  7:20  SCV  
  68  7:22  SCV x2  
  71  7:27  Supply Depot  
  71  7:29  Barracks x2  
  71  7:31  Marine, Siege Tank  
  71  7:33  SCV  
  71  7:34  SCV  
  71  7:35  SCV  
  71  7:36  Supply Depot  
  78  7:41  Armory  
  78  7:47  Marine x3  
  78  7:48  Marine  
  78  7:49  Marine, SCV x2  
  78  7:50  SCV  
  86  8:01  SCV, Supply Depot  
  86  8:02  SCV x2, Supply Depot  
  86  8:03  Siege Tank  
  86  8:05  Marine x4, Medivac  
  94  8:09  Medivac  
  100  8:18  Marine  
  101  8:22  Marine  
  101  8:26  Marine x3  
  101  8:27  Marine x2  
  107  8:35  SCV x2  
  107  8:36  Marine, SCV  
  107  8:40  Marine  
  106  8:44  Marine x4  
  106  8:45  Marine  
  92  8:54  Marine, SCV x3  
  85  8:57  Medivac x2  
  85  8:59  Siege Tank  
  85  9:02  Marine x4  
  96  9:03  Marine, Terran Infantry Weapons Level 2  
  96  9:06  SCV x3  
  96  9:07  Terran Infantry Armor Level 2  
  98  9:13  Combat Shield, Barracks Reactor x2  
  97  9:18  SCV x3  
  97  9:20  Marine  
  97  9:22  Terran Vehicle And Ship Armor Level 1  
  101  9:25  Marine x3  
  101  9:28  Command Center  
  104  9:33  Supply Depot  
  104  9:34  Supply Depot x2  
  104  9:37  Marine  
  105  9:38  Siege Tank  
  105  9:41  Marine  
  105  9:44  Medivac x2  
  105  9:45  Marine x2  
  115  9:47  Marine  
  115  9:50  Marine  
  117  9:54  Marine  
  117  9:55  Marine  
  117  9:56  Marine  
  117  9:57  Marine  
  117  9:58  Marine  
  117  10:00  SCV  
  117  10:03  Marine  
  118  10:07  Marine x2  
  118  10:10  Marine  
  118  10:12  Marine  
  118  10:13  Siege Tank  
  125  10:16  Marine x2, Supply Depot  
  125  10:22  SCV x2  
  125  10:27  Marine  
  125  10:28  Marine x2  
  123  10:34  Marine x2  
  117  10:36  Marine  
  117  10:37  Marine  
  117  10:38  Marine  
  117  10:39  Marine  
  115  10:45  Marine x3  
  115  10:46  SCV x3  
  115  10:48  Medivac x2  
  124  10:51  Marine  
  124  10:52  Marine  
  123  10:58  SCV x3  
  126  11:07  Marine x2  
  126  11:08  Marine x2  
  130  11:13  Command Center  
  130  11:17  Marine x2, Supply Depot  
  129  11:22  Marine x2  
  129  11:24  Siege Tank  
  129  11:25  Terran Infantry Weapons Level 3  
  131  11:29  Terran Infantry Armor Level 3  
  119  11:38  Marine x2  
  119  11:39  Marine x2  
  112  11:44  Marine x2  
  104  11:52  Marine x3  
  98  11:56  Marine, Siege Tank  
  98  11:57  Medivac x2  
  98  11:58  Marine x3  
  98  12:00  SCV x3  
  112  12:01  Marine  
  112  12:04  Marine  
  114  12:08  Terran Vehicle Weapons Level 1  
  114  12:10  Marine  
  114  12:11  Sensor Tower  
  114  12:14  Marine x3  
  113  12:15  Marine  
  113  12:16  Marine x2  
  113  12:19  Marine  
  113  12:22  Marine  
  118  12:25  SCV x3  
  118  12:26  Factory  
  118  12:28  Marine  
  122  12:32  Marine x3  
  122  12:33  Marine x2  
  122  12:34  Marine  
  128  12:37  Marine  
  128  12:39  Siege Tank  
  128  12:41  Marine  
  128  12:43  SCV x2  
  135  12:45  Marine  
  135  12:48  Planetary Fortress  
  135  12:50  Marine  
  137  12:54  Marine x2  
  137  12:56  Marine x2  
  137  12:57  Marine x2  
  143  13:02  Marine  
  143  13:03  Marine  
  145  13:07  Marine  
  145  13:08  Medivac  
  145  13:10  Medivac  
  145  13:12  Marine x2  
  152  13:14  Marine  
  152  13:15  Marine x3  
  152  13:19  Marine  
  156  13:20  Siege Tank  
  156  13:21  Marine  
  156  13:24  Factory Tech Lab  
  156  13:25  Marine  
  162  13:29  Marine  
  162  13:30  Marine  
  162  13:32  Marine, Sensor Tower  
  162  13:33  Marine x3  
  168  13:37  Marine  
  168  13:39  Marine  
  145  13:43  Marine  
  145  13:47  Marine x2  
  134  13:49  Marine  
  134  13:51  Marine x3  
  134  13:55  Marine, Siege Tank  
  135  13:57  Marine  
  135  14:02  Marine, Siege Tank  
  144  14:05  Marine x2  
  144  14:07  Marine  
  144  14:08  Marine x2, Medivac x2  
  144  14:09  Marine  
  153  14:13  Marine  
  153  14:14  Marine  
  155  14:20  Marine  
  155  14:23  Marine x2  
  156  14:26  Marine  
  156  14:39  Marine  
  156  14:40  Marine x3  
  156  14:42  Marine x3  
  156  14:43  Marine  
  156  14:44  Marine  
  134  14:53  Siege Tank x2  
  134  14:57  Marine  
  134  14:58  Marine x3  
  134  14:59  Marine x2  
  142  15:00  Marine  
  142  15:01  Marine x2  
  144  15:07  Viking x2  
  148  15:15  Marine  
  148  15:16  Marine x3  
  148  15:17  Marine x2  
  148  15:18  Marine x2  
  148  15:19  Marine  
  152  15:25  Siege Tank  
  153  15:33  Marine x3  
  153  15:34  Marine  
  153  15:35  Marine  
  156  15:36  Marine x3  
  156  15:37  Marine  
  154  15:44  Viking  
  154  15:48  Viking, Siege Tank  
  154  15:49  Supply Depot  
  152  15:50  Supply Depot  
  152  15:51  Marine x3  
  152  15:52  Marine  
  152  15:53  Marine  
  152  15:54  Supply Depot  
  157  15:57  Siege Tank  
  157  15:59  Command Center  
  155  16:05  Marine x3  
  155  16:07  Marine  
  155  16:08  Marine  
  155  16:09  Marine x2  
  161  16:13  Terran Vehicle And Ship Armor Level 2  
  161  16:14  Marine x2  
  163  16:22  Marine x2  
  163  16:23  Marine  
  163  16:24  Marine  
  163  16:25  Siege Tank  
  170  16:26  Marine  
  170  16:32  Siege Tank  
  174  16:39  Marine x4  
  167  16:42  Marine x3  
  167  16:44  Marine x2  
  171  16:57  Marine x2  
  168  17:05  Marine x2  
  168  17:06  Marine x2  
  168  17:07  Marine x2  
  157  17:08  Marine  
  157  17:14  Marine  
  157  17:15  Marine  
  149  17:23  Marine x2  
  149  17:24  Marine x4  
  149  17:26  Marine  
  139  17:30  Siege Tank  
  139  17:32  Marine x2  
  137  17:39  Siege Tank  
  137  17:41  Marine x2  
  137  17:42  Marine x4  
  137  17:43  Planetary Fortress  
  137  17:44  Marine  
  146  17:49  Sensor Tower  
  146  17:50  Marine  
  148  17:52  Marine  
  149  17:59  Marine x2  
  149  18:01  Marine x2  
  149  18:02  Marine x2  
  149  18:03  Marine  
  156  18:09  Siege Tank  
  156  18:11  Viking  
  156  18:12  Siege Tank  
  164  18:18  Marine x2  
  164  18:19  Marine x2  
  168  18:21  Marine x2  
  168  18:22  Marine x2  
  168  18:23  Marine  
  173  18:33  Terran Ship Weapons Level 1  
  173  18:36  Marine x3  
  173  18:37  Marine  
  173  18:39  Marine x4  
  181  18:41  Marine, Siege Tank  
  181  18:43  Viking  
  181  18:46  Viking  
  189  18:54  Marine x2  
  190  18:56  Marine x2  
  192  19:04  Marine  
  192  19:05  Marine x3  
  192  19:06  Marine  
  197  19:12  Marine x2  
  197  19:13  Marine  
  200  19:22  Marine x3  
  156  19:26  Marine x2  
  156  19:27  Marine  
  156  19:29  Marine  
  153  19:31  Marine x2  
  153  19:36  Siege Tank x2  
  161  19:40  Marine x3  
  161  19:41  Command Center  
  161  19:42  Orbital Command  
  161  19:44  Marine x2  
  161  19:45  Marine  
  167  19:47  Marine  
  167  19:49  Marine x2  
  170  19:58  Marine x3  
  170  20:02  Marine x2  
  170  20:03  Marine  
  170  20:05  Marine  
  170  20:07  Marine x2  
  168  20:16  Marine x3  
  168  20:17  Siege Tank x2  
  168  20:19  Marine x2  
  168  20:20  Medivac x2  
  168  20:21  Marine  
  184  20:23  Marine  
  184  20:24  Marine  
  184  20:25  Marine  
  180  20:33  Marine  
  180  20:34  Marine x2  
  180  20:37  Marine x2  
  180  20:38  Marine  
  180  20:41  Marine  
  180  20:42  Marine x2  
  164  20:50  Siege Tank x2  
  164  20:51  Marine x3  
  164  20:55  Marine x2  
  164  20:56  Marine  
  173  20:58  Marine  
  173  21:00  Marine x2  
  156  21:09  Marine x3  
  150  21:13  Marine x2  
  150  21:14  Marine, Medivac x2  
  150  21:16  Marine  
  150  21:18  Marine x2  
  159  21:23  Siege Tank  
  159  21:25  Siege Tank  
  166  21:27  Marine x3  
  166  21:31  Marine x2  
  166  21:32  Marine  
  156  21:34  Marine  
  156  21:36  Marine x2  
  159  21:45  Marine x3  
  162  21:48  Marine  
  162  21:49  Marine  
  162  21:50  Marine  
  162  21:52  Marine  
  162  21:53  Marine  
  162  21:54  Marine  
  156  21:56  Siege Tank  
  156  21:57  Siege Tank  
  140  22:02  Marine  
  140  22:03  Marine x2  
  140  22:06  Marine x2  
  128  22:08  Marine  
  128  22:10  Marine  
  128  22:11  Marine  
  128  22:12  Marine  
  124  22:20  Marine x2  
  124  22:21  Marine  
  125  22:24  Marine x2  
  125  22:26  Marine  
  125  22:27  Marine  
  125  22:29  Marine x2  
  122  22:38  Marine x3  
  122  22:42  Marine x2  
  125  22:44  Marine  
  125  22:45  Marine  
  125  22:47  Marine x2  

Tags
 
Add a new tag
Caveats
  • Supply blocks, unpowered buildings, or Contaminate may cause inaccurate times.
  • Supply counts are checked every 10 seconds.